 Dungeon Crawl Stone Soup version 0.30-a0-757-ga6a79fd877 (webtiles) character file.

Game seed: 5303786152861751010

340 jlumianski the Trooper (level 6, -1/49 HPs)
             Began as a Demonspawn Fighter on Feb 10, 2023.
             Shot with an arrow by a centaur (15 damage)
             ... on level 5 of the Dungeon.
             The game lasted 00:21:20 (3929 turns).

jlumianski the Trooper (Demonspawn Fighter)         Turns: 3929, Time: 00:21:21

Health: -1/49      AC: 13    Str: 18    XL:     6   Next: 30%
Magic:  6/6        EV:  5    Int: 10    God:
Gold:   232        SH:  4    Dex: 12    Spells: 5/5 levels left

rFire   . . .      SeeInvis .    a - +0 war axe
rCold   . . .      Faith    .    c - +0 buckler
rNeg    + . .      Spirit   .    u - +0 plate armour
rPois   .          Reflect  .    (no helmet)
rElec   .          Harm     .    (no cloak)
rCorr   .          Rampage  .    (no gloves)
Will    .....                    (no boots) Stlth
                                 y - amulet of the acrobat
HPRegen 0.28/turn                v - ring of positive energy
MPRegen 0.10/turn                (no ring)

@: no status effects
A: icy blue scales 1, demonic guardian 1, powered by death 1
a: no special abilities


You were on level 5 of the Dungeon.
You visited 1 branch of the dungeon, and saw 5 of its levels.

You collected 232 gold pieces.

Inventory:

Hand Weapons
 a - a +0 war axe (weapon)
 n - the +2 sling of Doom {elec, rC+}
   (You found it on level 2 of the Dungeon)

   rC:        It protects you from cold.
 w - the +2 short sword of Mamoq {vamp, Str+3 Dex+3}
   (You took it off a kobold on level 3 of the Dungeon)

   Str:       It affects your strength (+3).
   Dex:       It affects your dexterity (+3).
Missiles
 e - 95 stones
 g - 3 javelins
 p - 3 atropa-tipped darts
 r - 11 poisoned darts (quivered)
Armour
 b - a +0 scale mail
 c - a +0 buckler (worn)
 s - a +0 chain mail
 u - a +0 plate armour (worn)
Jewellery
 h - a ring of wizardry
 v - a ring of positive energy (left hand)
 y - an amulet of the acrobat (around neck)
Wands
 x - a wand of flame (16)
Scrolls
 i - 3 scrolls of noise {unknown}
 m - a scroll of magic mapping
 t - 3 scrolls of teleportation {unknown}
 z - a scroll of enchant armour {unknown}
 A - a scroll of vulnerability {unknown}
 B - a scroll of enchant weapon {unknown}
 E - a scroll of blinking {unknown}
Potions
 d - a potion of might
 f - 2 potions of degeneration
 j - 3 potions of brilliance
 k - a potion of mutation {unknown}
 l - a potion of flight
 o - a potion of berserk rage
 q - a potion of attraction
 C - a potion of heal wounds {unknown}
 D - a potion of resistance {unknown}


   Skills:
 + Level 4.4 Fighting
 + Level 3.7 Axes
 + Level 4.1 Armour
 + Level 0.1 Dodging
 + Level 3.2 Shields


You had 5 spell levels left.
You didn't know any spells.
Your spell library contained the following spells:

 Spells                   Type           Power      Damage    Failure   Level
 Sandblast                Erth           0%         2d4       100%        1
 Passwall                 Tmut/Erth      0%         N/A       100%        2
 Sublimation of Blood     Necr           0%         N/A       100%        2
 Call Canine Familiar     Summ           0%         N/A       100%        3
 Portal Projectile        Hex/Tloc       0%         N/A       100%        3
 Stone Arrow              Conj/Erth      0%         3d7       100%        3
 Leda's Liquefaction      Hex/Erth       0%         N/A       100%        4
 Petrify                  Tmut/Erth      0%         N/A       100%        4
 Irradiate                Conj/Tmut      0%         3d11      100%        5


Dungeon Overview and Level Annotations

Branches:
Dungeon (5/15)
 Temple: D:4-7

Altars:
Dithmenos


Innate Abilities, Weirdness & Mutations

You are partially covered in icy blue scales. (AC +2)
A weak demonic guardian rushes to your aid.
You regenerate a little health from kills.


Message History

Ijyb shouts!
Ijyb misses you.
You barely miss Ijyb. Ijyb hits you but does no damage.
You closely miss Ijyb. You block Ijyb's attack.
You hit Ijyb but do no damage. Ijyb hits you with a +0 dagger.
You block Ijyb's attack.
You hit Ijyb.
Ijyb is moderately wounded.
Ijyb hits you with a +0 dagger.
You hit Ijyb but do no damage.
Ijyb is moderately wounded.
Ijyb completely misses you.
You hit Ijyb but do no damage.
Ijyb is moderately wounded.
You block Ijyb's attack.
Ijyb zaps a wand.
Your mind is blasted!
A demonic guardian appears!
You hear a shout!
You hit Ijyb.
Ijyb is heavily wounded.
Ijyb zaps a wand.
Your mind is blasted!
* * * LOW HITPOINT WARNING * * *
Your white imp barely misses Ijyb.
You hit Ijyb.
Ijyb is heavily wounded.
A centaur comes into view.
You block Ijyb's attack.
Your white imp gestures at Ijyb.
The puff of frost misses Ijyb.
You hit Ijyb but do no damage.
Ijyb is heavily wounded.
Ijyb completely misses you.
Your white imp hits Ijyb but does no damage.
Ijyb hits you but does no damage.
Your white imp gestures at Ijyb.
The puff of frost hits Ijyb.
Ijyb resists.
You slash Ijyb!
You kill Ijyb!
The centaur wields a +0 shortbow.
The centaur shoots an arrow.
The arrow hits you!
You die...

#.#..#
#.#..#
###
#....#
#..
###.##
#.# #.#
#.# # #.#
#.#.# #.#
#<..#
#5##.#
#........
#@)c.#
#........
######
#........
#........
#.....#.#
#.....# .
#.....#


You could see a centaur (ally target) and a friendly white imp (summoned).

Vanquished Creatures
  An iguana (D:5)
  An orc wizard (D:4)
  Ijyb (D:5)
  6 gnolls
  8 adders
  An ufetubus (D:4)
  A worm (D:3)
  2 dart slugs
  11 orcs
  13 bats
  11 endoplasms
  3 giant cockroaches
  5 goblins
  4 hobgoblins
  7 jackals (D:4)
  4 quokkas
  6 ball pythons
  6 frilled lizards
  6 kobolds
  3 rats
100 creatures vanquished.

Vanquished Creatures (collateral kills)
  An iguana (D:5)
  A gnoll (D:3)
  2 orcs (D:3)
4 creatures vanquished.

Grand Total: 104 creatures vanquished

Notes
Turn   | Place    | Note
-------+----------+-------------------------------------------
     0 | D:1      | jlumianski the Demonspawn Fighter began the quest for the
                  | Orb.
     0 | D:1      | Reached XP level 1. HP: 18/18 MP: 1/1
   197 | D:1      | Gained mutation: You regenerate a little health from kills.
                  | [demonic ancestry]
   197 | D:1      | Reached XP level 2. HP: 24/24 MP: 2/2
  1038 | D:2      | Gained mutation: A weak demonic guardian rushes to your
                  | aid. [demonic ancestry]
  1038 | D:2      | Reached XP level 3. HP: 29/29 MP: 3/3
  1115 | D:2      | Identified the +2 sling of Doom {elec, rC+}
  1225 | D:2      | Found a shadowy altar of Dithmenos.
  1501 | D:2      | Gained mutation: You are partially covered in icy blue
                  | scales. (AC +2) [demonic ancestry]
  1501 | D:2      | Reached XP level 4. HP: 36/36 MP: 4/4
  1949 | D:3      | Reached XP level 5. HP: 34/42 MP: 5/5
  1985 | D:3      | Found a faded altar of an unknown god.
  2237 | D:3      | Identified the +2 short sword of Mamoq {vamp, Str+3 Dex+3}
  2472 | D:5      | Entered Level 5 of the Dungeon
  3616 | D:5      | Reached XP level 6. HP: 21/48 MP: 6/6
  3918 | D:5      | Noticed Ijyb
  3929 | D:5      | Killed Ijyb
  3929 | D:5      | Shot with an arrow by a centaur

Illustrated notes

Levels and vault maps discovered:
D:1:      minmay_arrival_open_corners, layout_basic, minmay_misc_feat_alley
D:2:      layout_loops_ring, basic_altar, minivault_23
D:3:      layout_basic, hellmonk_ecumenical_altar_lost_god
D:4:      layout_gridville
D:5:      layout_basic, bh_walls_and_bars, uniq_ijyb, uniq_menkaure

Skill      XL: |  1  2  3  4  5 |
---------------+----------------+-----
Armour         | 3 4 |  4.1
Axes           | 2 3 |  3.7
Shields        | 3 |  3.2
Fighting       | 4 |  4.4
Dodging        | |  0.1

Action                     |  1- 3 |  4- 6 || total
---------------------------+-------+-------++-------
  Melee: War axe           |   105 |   182 ||   287
    Use: Scroll            |       |     6 ||     6
 Armour: Scale mail        |    80 |    38 ||   118
         Plate armour      |       |    86 ||    86
  Dodge: Dodged            |    68 |    89 ||   157
  Block: Buckler           |    29 |    37 ||    66

Table legend: (Time is in decaauts)
 A = Elapsed time spent in this place.
 B = Non-inter-level travel time spent in this place.
 C = Inter-level travel time spent in this place.
 D = Time resting spent in this place.
 E = Time spent auto-exploring this place.
 F = Levels seen in this place.
 G = Mean time per level.
                   A        B        C        D        E       F      G
               +--------+--------+--------+--------+--------+-----+--------+
         Total |   4050 |   3997 |     53 |    131 |   2120 |   5 |  810.0 |
       Dungeon |   4050 |   3997 |     53 |    131 |   2120 |   5 |  810.0 |
               +--------+--------+--------+--------+--------+-----+--------+

Top non-repeatable levels by time:
     D:4: 999 daAuts
     D:1: 987 daAuts
     D:3: 802 daAuts
     D:2: 719 daAuts
     D:5: 541 daAuts
